SAAA
BANGOR TRIDENT BASE OGRES @ SCRANTON SUPERNOVAS
09/12/2018
 
TOP OF THE 1ST
Bangor Trident Base Ogres batting - Pitching for Scranton Supernovas : RHP Jim Unknown
Pitching: RHP Jim Unknown
Batting: RHB Júlio Castillo 0-0: Swinging Strike
0-1: Fly out, F8 (Flyball, 8RS)
Batting: RHB Joe Runyon 0-0: Ball
1-0: Foul Ball, location: 2F
1-1: Foul Ball, location: 2F
1-2: Ball
2-2: Ball
3-2: Ground out 1-3 (Groundball, 13S)
Batting: RHB Florian Cesaresco 0-0: Called Strike
0-1: Fly out, F4 (Popup, 6MD)
Top of the 1st over - 0 run(s), 0 hit(s), 0 error(s), 0 left on base; Bangor Trident Base 0 - Scranton 0
BOTTOM OF THE 1ST
Scranton Supernovas batting - Pitching for Bangor Trident Base Ogres : LHP Benjamin Brouwer
Pitching: LHP Benjamin Brouwer
Batting: RHB Jesús Orozco 0-0: Called Strike
0-1: Hit by Pitch
Batting: RHB Ryan Simpson 0-0: Ball
1-0: Ball
2-0: Foul Ball, location: 2F
2-1: Foul Ball, location: 2F
2-2: Strikes out swinging
Batting: RHB Chet Nix 0-0: Ball
1-0: Swinging Strike
1-1: Ball
2-1: Ball
3-1: Called Strike
3-2: SINGLE (Line Drive, 9S)
Jesús Orozco to second
Jesús Orozco to third
Batting: LHB Jesús Vargas 0-0: Ball
1-0: Ball
2-0: TRIPLE (Groundball, 3D)
Jesús Orozco scores
Chet Nix scores
Batting: LHB Mark Evans 0-0: Called Strike
0-1: Ball
1-1: Ground out 4-3 (Groundball, 4)
Jesús Vargas scores
Batting: RHB Jerome Wilson 0-0: Ball
1-0: Fly out, F7 (Flyball, 78M)
Bottom of the 1st over - 3 run(s), 2 hit(s), 0 error(s), 0 left on base; Bangor Trident Base 0 - Scranton 3
TOP OF THE 2ND
Bangor Trident Base Ogres batting - Pitching for Scranton Supernovas : RHP Jim Unknown
Batting: RHB Francisco Gonzáles 0-0: Ball
1-0: Called Strike
1-1: Ball
2-1: SINGLE (Line Drive, 5D)
Batting: RHB Russell Jackson 0-0: Ball
1-0: Called Strike
1-1: Foul Ball, location: 2F
1-2: Strikes out looking
Batting: RHB Walt Richard 0-0: Called Strike
0-1: Ball
1-1: Ball
2-1: Ball
3-1: Foul Ball, location: 2F
3-2: Fly out, F7 (Flyball, 7M)
Batting: RHB Tyrone Graham 0-0: Ball
1-0: Foul Ball, location: 2F
1-1: Called Strike
1-2: Fly out, F8 (Popup, 6MD)
Top of the 2nd over - 0 run(s), 1 hit(s), 0 error(s), 1 left on base; Bangor Trident Base 0 - Scranton 3
BOTTOM OF THE 2ND
Scranton Supernovas batting - Pitching for Bangor Trident Base Ogres : LHP Benjamin Brouwer
Batting: RHB Pedro Robles 0-0: Ball
1-0: Fly out, F3 (Popup, 23)
Batting: RHB Matt Brown 0-0: Swinging Strike
0-1: DOUBLE (Flyball, 9LS)
Batting: RHB José Ayala 0-0: Ball
1-0: Called Strike
1-1: Fly out, F8 (Flyball, 8LM)
Batting: RHB Jesús Orozco 0-0: Called Strike
0-1: SINGLE (Line Drive, 6D)
Matt Brown to third
Runner from 3rd tries for Home, SAFE, throw made home
Jesús Orozco to second
Batting: RHB Ryan Simpson 0-0: Called Strike
0-1: Ball
1-1: Foul Ball, location: 2F
1-2: Strikes out swinging
Bottom of the 2nd over - 1 run(s), 2 hit(s), 0 error(s), 1 left on base; Bangor Trident Base 0 - Scranton 4
TOP OF THE 3RD
Bangor Trident Base Ogres batting - Pitching for Scranton Supernovas : RHP Jim Unknown
Batting: LHB Gerald Holloway 0-0: Ball
1-0: Foul Ball, location: 2F
1-1: Foul Ball, location: 2F
1-2: Ground out 1-3 (Groundball, 23)
Batting: RHB Stan Pierce 0-0: Called Strike
0-1: Ball
1-1: DOUBLE (Flyball, 89M)
Batting: RHB Júlio Castillo 0-0: Ball
1-0: Ball
2-0: Called Strike
2-1: Fly out, F7 (Flyball, 78S)
Batting: RHB Joe Runyon 0-0: Ball
1-0: Called Strike
1-1: Called Strike
1-2: Ball
2-2: Ball
3-2: Ground out 5-3 (Groundball, 5)
Top of the 3rd over - 0 run(s), 1 hit(s), 0 error(s), 1 left on base; Bangor Trident Base 0 - Scranton 4
BOTTOM OF THE 3RD
Scranton Supernovas batting - Pitching for Bangor Trident Base Ogres : LHP Benjamin Brouwer
Batting: RHB Chet Nix 0-0: Called Strike
0-1: Swinging Strike
0-2: Strikes out looking
Batting: LHB Jesús Vargas 0-0: Ball
1-0: Called Strike
1-1: Ball
2-1: Ball
3-1: Foul Ball, location: 2F
3-2: Fly out, F7 (Flyball, 78M)
Batting: LHB Mark Evans 0-0: Ball
1-0: Called Strike
1-1: Ball
2-1: Ball
3-1: Called Strike
3-2: Foul Ball, location: 2F
3-2: Foul Ball, location: 2F
3-2: SINGLE (Line Drive, 7S)
Batting: RHB Jerome Wilson 0-0: Ball
1-0: Called Strike
1-1: SINGLE (Line Drive, 8RS)
Mark Evans to second
Runner from 2nd tries for 3rd, SAFE, throw made to third
Batting: RHB Pedro Robles 0-0: Called Strike
0-1: Fly out, F7 (Line Drive, 7D)
Bottom of the 3rd over - 0 run(s), 2 hit(s), 0 error(s), 2 left on base; Bangor Trident Base 0 - Scranton 4
TOP OF THE 4TH
Bangor Trident Base Ogres batting - Pitching for Scranton Supernovas : RHP Jim Unknown
Batting: RHB Florian Cesaresco 0-0: Swinging Strike
0-1: Ball
1-1: SINGLE (Flyball, 89S)
Batting: RHB Francisco Gonzáles 0-0: Ball
Florian Cesaresco steals 2nd base
1-0: Ball
2-0: Ball
3-0: Called Strike
3-1: Base on Balls
Batting: RHB Russell Jackson 0-0: Ball
1-0: Swinging Strike
1-1: Foul Ball, location: 2F
1-2: Ball
2-2: Foul Ball, location: 2F
2-2: Ball
3-2: Strikes out swinging
Batting: RHB Walt Richard 0-0: Called Strike
0-1: Ball
1-1: Called Strike
Florian Cesaresco steals 3rd base
Francisco Gonzáles to second
1-2: Ball
2-2: SINGLE (Line Drive, 34)
Florian Cesaresco scores
Francisco Gonzáles to third
Runner from 3rd tries for Home, SAFE, no throw or cutoff
Batting: RHB Tyrone Graham 0-0: Called Strike
0-1: Ball
1-1: Ball
2-1: 2-RUN HOME RUN (Flyball, 7D), Distance : 412 ft
Batting: LHB Gerald Holloway 0-0: Ball
1-0: Ball
2-0: Called Strike
2-1: Ball
3-1: Called Strike
3-2: Foul Ball, location: 2F
3-2: Foul Ball, location: 2F
3-2: Base on Balls
Batting: RHB Stan Pierce 0-0: Ball
1-0: Foul Ball, location: 2F
1-1: Ball
2-1: SINGLE (Groundball, 5)
Gerald Holloway to second
Batting: RHB Júlio Castillo 0-0: Ball
1-0: Ball
2-0: 3-RUN HOME RUN (Flyball, 8LXD), Distance : 454 ft
Pitching: LHP Mitch Bowman
Batting: RHB Joe Runyon 0-0: Swinging Strike
0-1: Swinging Strike
0-2: Foul Ball, location: 2F
0-2: Ground out 5-3 (Groundball, 56)
Batting: RHB Florian Cesaresco 0-0: Called Strike
0-1: Ball
1-1: SINGLE (Line Drive, 7S)
Batting: RHB Francisco Gonzáles 0-0: Ball
1-0: Ball
2-0: Foul Ball, location: 2F
2-1: Foul Ball, location: 2F
2-2: Foul Ball, location: 2F
2-2: Ball
3-2: Ground out 6-3 (Groundball, 6)
Top of the 4th over - 7 run(s), 6 hit(s), 0 error(s), 1 left on base; Bangor Trident Base 7 - Scranton 4
BOTTOM OF THE 4TH
Scranton Supernovas batting - Pitching for Bangor Trident Base Ogres : LHP Benjamin Brouwer
Batting: RHB Matt Brown 0-0: Called Strike
0-1: Ball
1-1: Ball
2-1: Ball
3-1: DOUBLE (Line Drive, 9LS)
Batting: RHB José Ayala 0-0: Ball
1-0: Ball
2-0: Called Strike
2-1: Called Strike
2-2: Strikes out swinging
Batting: RHB Jesús Orozco 0-0: Fly out, F8 (Flyball, 8RM)
Batting: RHB Ryan Simpson 0-0: Ball
1-0: Ball
2-0: Called Strike
2-1: Ball
3-1: Called Strike
3-2: Foul Ball, location: 2F
3-2: Foul Ball, location: 2F
3-2: Fly out, F6 (Popup, 6M)
Bottom of the 4th over - 0 run(s), 1 hit(s), 0 error(s), 1 left on base; Bangor Trident Base 7 - Scranton 4
TOP OF THE 5TH
Bangor Trident Base Ogres batting - Pitching for Scranton Supernovas : LHP Mitch Bowman
Batting: RHB Russell Jackson 0-0: Hit by Pitch
Batting: RHB Walt Richard 0-0: Called Strike
0-1: Ball
1-1: SINGLE (Flyball, 8LS)
Russell Jackson to second
Batting: RHB Tyrone Graham 0-0: Called Strike
0-1: Called Strike
0-2: Ball
1-2: Ball
2-2: DOUBLE (Line Drive, 9LS)
Russell Jackson scores
Walt Richard to third
Batting: LHB Gerald Holloway 0-0: Intentional Walk
Batting: RHB Stan Pierce 0-0: Called Strike
0-1: Swinging Strike
0-2: Ball
1-2: Ball
2-2: Strikes out swinging
Batting: RHB Júlio Castillo 0-0: DOUBLE (Line Drive, 89M)
Walt Richard scores
Tyrone Graham scores
Gerald Holloway to third
Batting: RHB Joe Runyon 0-0: Called Strike
0-1: Fly out, F4 (Popup, 4)
Batting: RHB Florian Cesaresco 0-0: Called Strike
0-1: Ball
1-1: Fly out, F8 (Flyball, 8RM)
Top of the 5th over - 3 run(s), 3 hit(s), 0 error(s), 2 left on base; Bangor Trident Base 10 - Scranton 4
BOTTOM OF THE 5TH
Scranton Supernovas batting - Pitching for Bangor Trident Base Ogres : LHP Benjamin Brouwer
Batting: RHB Chet Nix 0-0: Ground out 6-3 (Groundball, 6M)
Batting: LHB Jesús Vargas 0-0: Foul Ball, location: 2F
0-1: Ball
1-1: Ball
2-1: Ball
3-1: Swinging Strike
3-2: Fly out, F2 (Popup, 2LF)
Batting: LHB Mark Evans 0-0: Ball
1-0: SINGLE (Groundball, 56)
Batting: RHB Jerome Wilson 0-0: Called Strike
0-1: Called Strike
0-2: Ball
Mark Evans steals 2nd base
1-2: Ground out 3-4 (Groundball, 3S)
Bottom of the 5th over - 0 run(s), 1 hit(s), 0 error(s), 1 left on base; Bangor Trident Base 10 - Scranton 4
TOP OF THE 6TH
Bangor Trident Base Ogres batting - Pitching for Scranton Supernovas : LHP Mitch Bowman
Pitching: RHP Bruce Sullivan
Batting: RHB Francisco Gonzáles 0-0: Fly out, F9 (Flyball, 9M)
Batting: RHB Russell Jackson 0-0: Foul Ball, location: 2F
0-1: Ball
1-1: Ball
2-1: Foul Ball, location: 2F
2-2: Fly out, F7 (Flyball, 78D)
Batting: RHB Walt Richard 0-0: Called Strike
0-1: Called Strike
0-2: Ball
1-2: Foul Ball, location: 2F
1-2: Ground out 6-3 (Groundball, 6M)
Top of the 6th over - 0 run(s), 0 hit(s), 0 error(s), 0 left on base; Bangor Trident Base 10 - Scranton 4
BOTTOM OF THE 6TH
Scranton Supernovas batting - Pitching for Bangor Trident Base Ogres : LHP Benjamin Brouwer
Batting: RHB Pedro Robles 0-0: Called Strike
0-1: Foul Ball, location: 2F
0-2: Fly out, F7 (Line Drive, 7M)
Batting: RHB Matt Brown 0-0: DOUBLE (Flyball, 89D)
Batting: RHB José Ayala 0-0: Swinging Strike
0-1: Called Strike
0-2: Ball
Wild Pitch!
Matt Brown to third
1-2: Ball
2-2: Fly out, F7 (Flyball, 7S)
Batting: RHB Jesús Orozco 0-0: Fly out, F9 (Flyball, 89D)
Bottom of the 6th over - 0 run(s), 1 hit(s), 0 error(s), 1 left on base; Bangor Trident Base 10 - Scranton 4
TOP OF THE 7TH
Bangor Trident Base Ogres batting - Pitching for Scranton Supernovas : RHP Bruce Sullivan
Batting: RHB Tyrone Graham 0-0: Ball
1-0: Foul Ball, location: 2F
1-1: Foul Ball, location: 2F
1-2: Foul Ball, location: 2F
1-2: Foul Ball, location: 2F
1-2: Ball
2-2: Strikes out swinging
Batting: LHB Gerald Holloway 0-0: Ball
1-0: Swinging Strike
1-1: Ball
2-1: SINGLE (Line Drive, 4MD)
Batting: RHB Stan Pierce 0-0: Ground out 2-3 (Groundball, 23)
Gerald Holloway to second
Batting: RHB Júlio Castillo 0-0: Called Strike
0-1: Swinging Strike
0-2: Ball
1-2: Strikes out looking
Top of the 7th over - 0 run(s), 1 hit(s), 0 error(s), 1 left on base; Bangor Trident Base 10 - Scranton 4
BOTTOM OF THE 7TH
Scranton Supernovas batting - Pitching for Bangor Trident Base Ogres : LHP Benjamin Brouwer
Now at 3B: Michael Rogers
Batting: RHB Ryan Simpson 0-0: Ball
1-0: Fly out, F7 (Flyball, 7M)
Batting: RHB Chet Nix 0-0: Ball
1-0: Called Strike
1-1: SINGLE (Line Drive, 78S)
Batting: LHB Jesús Vargas 0-0: Ball
1-0: Ball
2-0: Ball
3-0: Called Strike
3-1: Base on Balls
Chet Nix to second
Batting: LHB Mark Evans 0-0: Ball
1-0: Called Strike
1-1: Fielders Choice at 2nd, 3-6 (Groundball, 3)
Chet Nix to third
Batting: RHB Jerome Wilson 0-0: Called Strike
0-1: Ball
1-1: Fly out, F2 (Popup, 25)
Bottom of the 7th over - 0 run(s), 1 hit(s), 0 error(s), 2 left on base; Bangor Trident Base 10 - Scranton 4
TOP OF THE 8TH
Bangor Trident Base Ogres batting - Pitching for Scranton Supernovas : RHP Bruce Sullivan
Pitching: LHP Felipe Gutiérrez
Batting: RHB Joe Runyon 0-0: Ball
1-0: Called Strike
1-1: Swinging Strike
1-2: Foul Ball, location: 2F
1-2: Strikes out looking
Batting: RHB Florian Cesaresco 0-0: Foul Ball, location: 2F
0-1: Hit by Pitch
Batting: RHB Francisco Gonzáles 0-0: Called Strike
0-1: Ball
1-1: Foul Ball, location: 2F
1-2: Strikes out swinging
Batting: RHB Russell Jackson 0-0: Ball
1-0: Foul Ball, location: 2F
1-1: Foul Ball, location: 2F
1-2: Strikes out looking
Top of the 8th over - 0 run(s), 0 hit(s), 0 error(s), 1 left on base; Bangor Trident Base 10 - Scranton 4
BOTTOM OF THE 8TH
Scranton Supernovas batting - Pitching for Bangor Trident Base Ogres : LHP Benjamin Brouwer
Batting: RHB Pedro Robles 0-0: Ball
1-0: Called Strike
1-1: Foul Ball, location: 2F
1-2: Strikes out swinging
Pitching: RHP Millard Kessler
Batting: RHB Matt Brown 0-0: Ball
1-0: Ball
2-0: Foul Ball, location: 2F
2-1: SINGLE (Flyball, 7LS)
Batting: RHB José Ayala 0-0: Ball
1-0: Foul Ball, location: 2F
1-1: DOUBLE (Line Drive, 78XD)
Matt Brown to third
Runner from 3rd tries for Home, SAFE, throw made home
Batting: RHB Jesús Orozco 0-0: Ball
1-0: Fly out, F9 (Flyball, 9D)
Runner from 2nd tags up, SAFE at 3rd, no throw
Batting: RHB Ryan Simpson 0-0: Fly out, F5 (Popup, 5S)
Bottom of the 8th over - 1 run(s), 2 hit(s), 0 error(s), 1 left on base; Bangor Trident Base 10 - Scranton 5
TOP OF THE 9TH
Bangor Trident Base Ogres batting - Pitching for Scranton Supernovas : LHP Felipe Gutiérrez
Batting: RHB Michael Rogers 0-0: Ground out 2-3 (Groundball, 2R)
Batting: RHB Tyrone Graham 0-0: Ball
1-0: Foul Ball, location: 2F
1-1: Ball
2-1: Swinging Strike
2-2: SINGLE (Line Drive, 6MD)
Batting: LHB Gerald Holloway 0-0: Ball
1-0: Called Strike
1-1: Foul Ball, location: 2F
1-2: Ball
2-2: Grounds into double play, 6-4-3 (Groundball, 6M)
Top of the 9th over - 0 run(s), 1 hit(s), 0 error(s), 0 left on base; Bangor Trident Base 10 - Scranton 5
BOTTOM OF THE 9TH
Scranton Supernovas batting - Pitching for Bangor Trident Base Ogres : RHP Millard Kessler
Pitching: RHP Josef van der Poel
Batting: RHB Chet Nix 0-0: Called Strike
0-1: Called Strike
0-2: Ball
1-2: Ball
2-2: Foul Ball, location: 2F
2-2: Ball
3-2: Base on Balls
Batting: LHB Jesús Vargas 0-0: Ball
1-0: Ball
2-0: Called Strike
2-1: SINGLE (Flyball, 89S)
Chet Nix to second
Runner from 2nd tries for 3rd, SAFE, throw made to third
Batting: LHB Mark Evans 0-0: DOUBLE (Line Drive, 7LM)
Chet Nix scores
Jesús Vargas to third
Batting: RHB Jerome Wilson 0-0: Ball
1-0: Fly out, F7 (Flyball, 7S)
Batting: RHB Pedro Robles 0-0: Foul Ball, location: 2F
0-1: Ball
1-1: Foul Ball, location: 2F
1-2: Strikes out swinging
Batting: RHB Matt Brown 0-0: Called Strike
0-1: Foul Ball, location: 2F
0-2: Ball
1-2: Ball
2-2: Ball
3-2: Foul Ball, location: 2F
3-2: Base on Balls
Pinch Hitting: RHB Sergio Canales 0-0: Ball
1-0: Ball
2-0: Fielders Choice at 2nd, 6-4 (Groundball, 6)
Bottom of the 9th over - 1 run(s), 2 hit(s), 0 error(s), 2 left on base; Bangor Trident Base 10 - Scranton 6
This league is powered by Out of the Park Baseball, the baseball management simulation game for PC, Mac and Linux
Monday, May 4th, 2015 - OOTP Baseball 15.6 Build 34